[Event "Titled Tuesday Blitz January 03 Late 2023"]
[White "Kollars, Dmitrij"]
[Black "Shuvalova, Polina"]
[WhiteFideId "12909572"]
[BlackFideId "24171760"]
[WhiteElo "2607"]
[BlackElo "2484"]
[Result "1-0"]
[Round "02"]
[TimeControl "180+2"]
[Date "2023.01.03"]
[WhiteClock "0:00:50"]
[BlackClock "0:00:01"]

1. d4 Nf6 2. Nf3 d5 3. c3 Nbd7 4. Bf4 e6 5. e3 Bd6 6. Bd3 O-O 7. O-O Bxf4 8. exf4 c5 9. Nbd2 b6 10. Re1 a5 11. Qe2 a4 12. a3 Nb8 13. Rad1 Ba6 14. Bxa6 Nxa6 15. h4 Qc7 16. g3 Nb8 17. c4 Nc6 18. f5 exf5 19. dxc5 bxc5 20. cxd5 Nxd5 21. Qc4 Rfd8 22. Qxc5 Ne5 23. Qxc7 Nxf3+ 24. Nxf3 Nxc7 25. Rxd8+ Rxd8 26. Re7 Ne6 27. Ra7 Nc5 28. Ne5 h6 29. h5 f6 30. Ng6 Rd1+ 31. Kg2 Rd2 32. Ne7+ Kf8 33. Nxf5 Rxb2 34. Nxg7 Nd3 35. Ne6+ Ke8 36. Kf3 Rxf2+ 37. Ke3 Ra2 38. Kxd3 Rxa3+ 39. Ke4 Rxg3 40. Kf5 Rf3+ 41. Kg6 a3 42. Kxh6 Re3 43. Ng7+ Kf8 44. Nf5 Rf3 45. Kg6 a2 46. Ra8# 1-0


[Site "https://www.chess.com"]

[Event "Titled Tuesday Blitz January 03 Late 2023"]
[White "Kuznetsov, Felix"]
[Black "Jobava, Baadur"]
[WhiteFideId "34147990"]
[BlackFideId "13601520"]
[WhiteElo "2254"]
[BlackElo "2578"]
[Result "1-0"]
[Round "02"]
[TimeControl "180+2"]
[Date "2023.01.03"]
[WhiteClock "0:00:54"]
[BlackClock "0:00:14"]

1. e4 e6 2. d4 d5 3. Nd2 dxe4 4. Nxe4 Bd7 5. Nf3 Bc6 6. Nc3 Bxf3 7. Qxf3 c6 8. Be3 Nf6 9. a3 Nbd7 10. Bd3 g6 11. h4 Bg7 12. O-O-O Qa5 13. g4 h5 14. g5 Nd5 15. Ne4 O-O 16. c4 Nxe3 17. fxe3 b5 18. Nf6+ Bxf6 19. gxf6 bxc4 20. Bxc4 Rab8 21. Rhg1 Qb6 22. Rd2 Kh7 23. Bd3 Kh8 24. Qf4 Kh7 25. Rg5 Kg8 26. Rxh5 1-0


[Site "https://www.chess.com"]

[Event "Titled Tuesday Blitz January 03 Late 2023"]
[White "Bluebaum, Matthias"]
[Black "Weetik, Vjacheslav"]
[WhiteFideId "24651516"]
[BlackFideId "4153472"]
[WhiteElo "2669"]
[BlackElo "2423"]
[Result "1-0"]
[Round "02"]
[TimeControl "180+2"]
[Date "2023.01.03"]
[WhiteClock "0:01:12"]
[BlackClock "0:01:01"]

1. d4 d5 2. c4 e6 3. Nc3 Nf6 4. cxd5 exd5 5. Bg5 c6 6. e3 Be7 7. Bd3 Nbd7 8. h3 g6 9. Nf3 Nh5 10. Bxe7 Qxe7 11. O-O Nb6 12. Rb1 a5 13. a3 Ng7 14. b4 axb4 15. axb4 Bf5 16. b5 Nc4 17. bxc6 bxc6 18. e4 dxe4 19. Bxc4 exf3 20. Re1 Be6 21. d5 cxd5 22. Nxd5 Qd8 23. Nf6+ Qxf6 24. Qd6 Qe7 25. Qc6+ Kf8 26. Qxa8+ Ne8 27. Bxe6 fxe6 28. Qxf3+ Kg7 29. Rb7 Nc7 30. Qc3+ 1-0


[Site "https://www.chess.com"]

[Event "Titled Tuesday Blitz January 03 Late 2023"]
[White "Atanasov, Anthony"]
[Black "Xiong, Jeffery"]
[WhiteFideId "2623897"]
[BlackFideId "2047640"]
[WhiteElo "2368"]
[BlackElo "2692"]
[Result "0-1"]
[Round "02"]
[TimeControl "180+2"]
[Date "2023.01.03"]
[WhiteClock "0:00:02"]
[BlackClock "0:01:08"]

1. Nf3 c5 2. e4 d6 3. d4 cxd4 4. Nxd4 Nf6 5. Nc3 a6 6. Nb3 h5 7. Bg5 Nbd7 8. f4 e6 9. Qd2 Be7 10. O-O-O Qc7 11. f5 Ne5 12. Bxf6 Bxf6 13. Qxd6 Qxd6 14. Rxd6 Ke7 15. Rd1 Ng4 16. Rg1 Nxh2 17. Be2 h4 18. g4 hxg3 19. Rxg3 Bd7 20. Rg2 Bc6 21. Na5 exf5 22. Nxc6+ bxc6 23. exf5 Rh4 24. Re1 Kf8 25. Rh1 Nf3 26. Rxh4 Nxh4 27. Rf2 Rb8 28. Bd3 a5 29. a3 Re8 30. Nd1 Re1 31. Kd2 Rg1 32. Ne3 Bg5 33. Ke2 Rg3 34. Nc4 Ng2 35. Kf1 Nf4 36. Nxa5 Rh3 37. Ke1 Bh4 38. Nxc6 Rh2 0-1


[Site "https://www.chess.com"]

[Event "Titled Tuesday Blitz January 03 Late 2023"]
[White "Chigaev, Maksim"]
[Black "Di Berardino, Diego Rafael"]
[WhiteFideId "4108116"]
[BlackFideId "2105446"]
[WhiteElo "2628"]
[BlackElo "2479"]
[Result "1-0"]
[Round "02"]
[TimeControl "180+2"]
[Date "2023.01.03"]
[WhiteClock "0:01:55"]
[BlackClock "0:00:06"]

1. e4 c5 2. Nf3 d6 3. d4 cxd4 4. Nxd4 Nf6 5. Nc3 a6 6. Bg5 e6 7. Qf3 h6 8. Bd2 Nc6 9. Nxc6 bxc6 10. O-O-O Rb8 11. Bc4 Be7 12. Bb3 Nd7 13. Qg3 Kf8 14. f4 Nc5 15. f5 e5 16. Be3 Nxb3+ 17. axb3 a5 18. h4 Ba6 19. Qf2 Rb4 20. g4 a4 21. bxa4 Qb8 22. b3 Bd8 23. Rxd6 Qxd6 24. Bc5 Be7 25. Bxd6 Bxd6 26. Rd1 Ke7 27. f6+ gxf6 28. Rxd6 1-0


[Site "https://www.chess.com"]

[Event "Titled Tuesday Blitz January 03 Late 2023"]
[White "Sebag, Marie"]
[Black "Tari, Aryan"]
[WhiteFideId "617822"]
[BlackFideId "1510045"]
[WhiteElo "2430"]
[BlackElo "2642"]
[Result "0-1"]
[Round "02"]
[TimeControl "180+2"]
[Date "2023.01.03"]
[WhiteClock "0:00:11"]
[BlackClock "0:00:31"]

1. e4 e5 2. Nf3 Nc6 3. Bc4 Nf6 4. d3 Bc5 5. c3 d6 6. Nbd2 a6 7. Bb3 Ba7 8. Nf1 Be6 9. Ng3 O-O 10. O-O h6 11. d4 Bxb3 12. axb3 exd4 13. cxd4 Re8 14. Re1 a5 15. h3 Bb6 16. Bf4 Qd7 17. Qd2 d5 18. e5 Ne4 19. Nxe4 dxe4 20. Rxe4 Qd5 21. Rae1 Re6 22. Bg3 Rd8 23. Rg4 Nxd4 24. Nxd4 Bxd4 25. Bh4 Bxe5 26. Qc2 Rde8 27. Rd1 Rc6 28. Qe2 Qxb3 29. Re4 Rce6 30. Re3 Qxb2 31. Qg4 Qb4 32. Qf3 Qxh4 0-1


[Site "https://www.chess.com"]

[Event "Titled Tuesday Blitz January 03 Late 2023"]
[White "Sjugirov, Sanan"]
[Black "Baskin, Robert"]
[WhiteFideId "4189302"]
[BlackFideId "24662402"]
[WhiteElo "2712"]
[BlackElo "2442"]
[Result "1-0"]
[Round "02"]
[TimeControl "180+2"]
[Date "2023.01.03"]
[WhiteClock "0:00:15"]
[BlackClock "0:00:20"]

1. e4 Nc6 2. Nf3 d6 3. d4 Nf6 4. Nc3 g6 5. d5 Nb8 6. Be2 Bg7 7. O-O O-O 8. a4 c6 9. h3 a5 10. Nd4 Qc7 11. Re1 Na6 12. Bg5 Nc5 13. Bf3 Bd7 14. Qd2 Rfe8 15. Rad1 Rad8 16. h4 h5 17. b3 Ng4 18. Be2 e5 19. dxe6 Nxe6 20. Nxe6 Bxe6 21. Bxd8 Rxd8 22. Bxg4 hxg4 23. Ne2 Qe7 24. g3 d5 25. Nf4 Bc8 26. exd5 Qc5 27. c4 b5 28. Qe3 Qb4 29. dxc6 bxc4 30. Rxd8+ 1-0


[Site "https://www.chess.com"]

[Event "Titled Tuesday Blitz January 03 Late 2023"]
[White "Fishbein, Alexander"]
[Black "Keymer, Vincent"]
[WhiteFideId "2000377"]
[BlackFideId "12940690"]
[WhiteElo "2366"]
[BlackElo "2700"]
[Result "0-1"]
[Round "02"]
[TimeControl "180+2"]
[Date "2023.01.03"]
[WhiteClock "0:00:09"]
[BlackClock "0:00:08"]

1. e4 c6 2. d4 d5 3. Nc3 dxe4 4. Nxe4 Nf6 5. Qd3 Nbd7 6. Nf3 Nxe4 7. Qxe4 Nf6 8. Qd3 g6 9. Be2 Bg7 10. O-O O-O 11. Qb3 a5 12. a4 Be6 13. Bc4 Bxc4 14. Qxc4 Qd5 15. Qe2 e6 16. c3 Rfd8 17. h3 h6 18. Bf4 c5 19. dxc5 Qxc5 20. Be5 Rd5 21. c4 Rd7 22. b3 Rad8 23. Rfd1 Qb6 24. Rxd7 Rxd7 25. Qc2 Nh5 26. Bxg7 Kxg7 27. Qc3+ f6 28. c5 Qc7 29. Qc4 Nf4 30. Re1 e5 31. Kh2 Nd3 32. Re3 Nxf2 33. Kg1 Nd1 34. Re1 Nb2 35. Qc3 Nd3 36. Rd1 Qxc5+ 37. Qxc5 Nxc5 38. Rxd7+ Nxd7 39. Kf2 Nc5 40. Nd2 Kf7 41. Ke3 Ke6 42. g4 f5 43. gxf5+ gxf5 0-1


[Site "https://www.chess.com"]

[Event "Titled Tuesday Blitz January 03 Late 2023"]
[White "Papp, Levente"]
[Black "Gholami Orimi, Mahdi"]
[WhiteFideId "751243"]
[BlackFideId "12558486"]
[WhiteElo "2353"]
[BlackElo "2420"]
[Result "1-0"]
[Round "02"]
[TimeControl "180+2"]
[Date "2023.01.03"]
[WhiteClock "0:00:06"]
[BlackClock "0:01:11"]

1. c4 e5 2. g3 Nf6 3. Bg2 Nc6 4. Nc3 Bb4 5. Nd5 Nxd5 6. cxd5 Ne7 7. e3 O-O 8. Ne2 d6 9. O-O Ng6 10. d4 f5 11. a3 Ba5 12. b4 Bb6 13. dxe5 dxe5 14. Bb2 Bd7 15. d6 c6 16. Qb3+ Kh8 17. Rfd1 f4 18. exf4 exf4 19. Nd4 Qg5 20. Nf3 Qh5 21. Re1 fxg3 22. hxg3 Bg4 23. Nd4 Rf6 24. Qc2 Rxd6 25. Nb3 Rf8 26. Nc5 Bf3 27. Qc3 Rf7 28. Re8+ Nf8 29. Rxf8+ Rxf8 30. Qxg7# 1-0


[Site "https://www.chess.com"]

[Event "Titled Tuesday Blitz January 03 Late 2023"]
[White "Lazavik, Denis"]
[Black "Aldokhin, Ivan"]
[WhiteFideId "13515110"]
[BlackFideId "24115720"]
[WhiteElo "2544"]
[BlackElo "2413"]
[Result "1-0"]
[Round "02"]
[TimeControl "180+2"]
[Date "2023.01.03"]
[WhiteClock "0:01:55"]
[BlackClock "0:00:41"]

1. d4 Nf6 2. c4 g6 3. g3 Bg7 4. Bg2 O-O 5. Nc3 d6 6. Nf3 Nc6 7. O-O Bf5 8. d5 Na5 9. Nd2 c5 10. e4 Bd7 11. Qc2 e6 12. b3 exd5 13. cxd5 b5 14. Bb2 Re8 15. Nd1 Rc8 16. Ne3 c4 17. bxc4 Nxc4 18. Nexc4 bxc4 19. Bc3 Qb6 20. Rab1 Qa6 21. h3 Nh5 22. Bxg7 Nxg7 23. Qc3 f5 24. Rfe1 Rf8 25. e5 dxe5 26. Rxe5 f4 27. Re7 Rf7 28. Rxf7 Kxf7 29. Ne4 Bf5 30. Rb7+ 1-0


[Site "https://www.chess.com"]

[Event "Titled Tuesday Blitz January 03 Late 2023"]
[White "Ballester Llagaria, Luis Eduardo"]
[Black "Dardha, Daniel"]
[WhiteFideId "2297620"]
[BlackFideId "240990"]
[WhiteElo "2298"]
[BlackElo "2631"]
[Result "0-1"]
[Round "02"]
[TimeControl "180+2"]
[Date "2023.01.03"]
[WhiteClock "0:00:06"]
[BlackClock "0:00:19"]

1. e4 e5 2. Nf3 Nc6 3. Nc3 Bb4 4. Nd5 Bc5 5. Bc4 Nf6 6. O-O O-O 7. d4 Nxd5 8. dxc5 Nf6 9. Bg5 h6 10. Bh4 b6 11. Bd5 Qe7 12. cxb6 axb6 13. Re1 Ra5 14. h3 Qd6 15. c4 Ne7 16. Bg3 Ng6 17. Kh1 Qe7 18. Nxe5 Nxe5 19. f4 Ng6 20. e5 Nxd5 21. cxd5 d6 22. Qd3 Qd8 23. e6 Ne7 24. Bh4 f6 25. Rad1 Rxd5 26. Qxd5 Nxd5 27. Rxd5 Re8 28. f5 Bb7 29. Rd3 Qa8 30. Rg3 Kh7 31. Rg6 Be4 32. Bxf6 gxf6 33. Rxf6 Rg8 34. Rf7+ Kh8 35. Re2 Bxg2+ 36. Kh2 Bf1 37. Rf2 Rg2+ 0-1


[Site "https://www.chess.com"]

[Event "Titled Tuesday Blitz January 03 Late 2023"]
[White "Oparin, Grigoriy"]
[Black "Alikhanov, Felix"]
[WhiteFideId "24125890"]
[BlackFideId "4157427"]
[WhiteElo "2667"]
[BlackElo "2434"]
[Result "1-0"]
[Round "02"]
[TimeControl "180+2"]
[Date "2023.01.03"]
[WhiteClock "0:01:53"]
[BlackClock "0:00:42"]

1. b3 e5 2. Bb2 Nc6 3. c4 Nf6 4. e3 d5 5. cxd5 Nxd5 6. Nc3 Be6 7. a3 Bd6 8. Qc2 O-O 9. Nf3 h6 10. Bc4 Nce7 11. Nxd5 Bxd5 12. Nxe5 Bxe5 13. Bxe5 Bxc4 14. bxc4 c5 15. O-O Nc6 16. Bc3 Rc8 17. Qf5 Qe7 18. Rad1 b6 19. Rfe1 Rfe8 20. h3 Qe6 21. Qxe6 fxe6 22. f4 e5 23. fxe5 Nxe5 24. Bxe5 Rxe5 25. Kf2 Rf8+ 26. Ke2 Rg5 27. g4 h5 28. Rg1 Re5 29. Rg2 h4 30. Rf2 Rxf2+ 31. Kxf2 Kf7 32. Ke2 Kf6 33. Rf1+ Ke7 34. Rf4 g6 35. d3 a6 36. a4 Rg5 37. Re4+ Kd7 38. Kf3 1-0


[Site "https://www.chess.com"]

[Event "Titled Tuesday Blitz January 03 Late 2023"]
[White "Ozer, Omer Faruk"]
[Black "Bortnyk, Mykola"]
[WhiteFideId "6354564"]
[BlackFideId "14120836"]
[WhiteElo "2360"]
[BlackElo "2425"]
[Result "0-1"]
[Round "02"]
[TimeControl "180+2"]
[Date "2023.01.03"]
[WhiteClock "0:01:27"]
[BlackClock "0:02:14"]

1. e4 Nf6 2. e5 Nd5 3. d4 d6 4. c4 Nb6 5. exd6 exd6 6. h3 Be7 7. Nf3 O-O 8. Bd3 Bf6 9. O-O Nc6 10. Nc3 Nb4 11. Bb1 g6 12. a3 Nc6 13. b3 a5 14. a4 Re8 15. Be3 Be6 16. Qd2 d5 17. c5 Nd7 18. Ng5 Nxc5 19. dxc5 d4 20. Nce4 dxe3 21. Qxd8 Bxd8 22. fxe3 Bxb3 23. Ba2 Bxa2 24. Rxa2 f5 0-1


[Site "https://www.chess.com"]

[Event "Titled Tuesday Blitz January 03 Late 2023"]
[White "Jacobson, Brandon"]
[Black "Ilkhomi, Jaloliddin"]
[WhiteFideId "30901561"]
[BlackFideId "14700948"]
[WhiteElo "2556"]
[BlackElo "1997"]
[Result "1-0"]
[Round "02"]
[TimeControl "180+2"]
[Date "2023.01.03"]
[WhiteClock "0:01:00"]
[BlackClock "0:00:05"]

1. Nf3 Nf6 2. c4 e6 3. Nc3 d5 4. e3 b6 5. cxd5 Nxd5 6. Nxd5 exd5 7. b3 Bb7 8. Bb2 Nd7 9. Be2 Nf6 10. Rc1 Bd6 11. Bb5+ Nd7 12. Bxg7 Rg8 13. Be5 Rxg2 14. Bg3 a6 15. Bc6 Bxc6 16. Rxc6 Qf6 17. Kf1 Rxg3 18. hxg3 O-O-O 19. Rxh7 Rg8 20. Kg2 Qg6 21. Qc2 Qf6 22. Rh5 Kb7 23. Rxd5 Nb8 24. Rdxd6 cxd6 25. Rc7+ Ka8 26. Qe4+ 1-0


[Site "https://www.chess.com"]

[Event "Titled Tuesday Blitz January 03 Late 2023"]
[White "Liascovich, Lucas"]
[Black "Carnicelli, Valerio"]
[WhiteFideId "108634"]
[BlackFideId "856185"]
[WhiteElo "2411"]
[BlackElo "2370"]
[Result "1-0"]
[Round "02"]
[TimeControl "180+2"]
[Date "2023.01.03"]
[WhiteClock "0:00:21"]
[BlackClock "0:00:05"]

1. d4 Nf6 2. Nc3 d5 3. Bf4 e6 4. e3 Bb4 5. Ne2 O-O 6. a3 Bd6 7. Qd2 a6 8. f3 c5 9. Bxd6 Qxd6 10. g4 Nc6 11. Bg2 b5 12. O-O c4 13. e4 dxe4 14. fxe4 e5 15. g5 Nxd4 16. Nxd4 Qxd4+ 17. Qxd4 exd4 18. gxf6 dxc3 19. bxc3 Bb7 20. fxg7 Rfd8 21. Rad1 Kxg7 22. Rd4 Kf8 23. Kf2 Ke7 24. Ke3 Bc6 25. Bh3 a5 26. Rf5 Rxd4 27. cxd4 b4 28. axb4 axb4 29. Re5+ Kd6 30. Bf5 b3 31. cxb3 cxb3 32. Kd3 Ra2 33. Kc3 Ba4 34. Rd5+ Ke7 35. e5 Rxh2 36. Ra5 Ra2 37. Ra7+ Kf8 38. d5 Kg7 39. e6 Be8 40. Re7 Ra8 41. exf7 Bxf7 42. Be6 b2 43. Rxf7+ Kg6 44. Kxb2 h5 45. Kc3 h4 46. Kd4 Ra4+ 47. Ke5 Ra6 48. Rf3 Kg5 49. Rf5+ Kg6 50. Rf8 Kg5 51. Rg8+ Kh5 52. Kf6 1-0


[Site "https://www.chess.com"]

[Event "Titled Tuesday Blitz January 03 Late 2023"]
[White "Levitskiy, Andrey"]
[Black "Lenderman, Aleksandr"]
[WhiteFideId "14132885"]
[BlackFideId "2021285"]
[WhiteElo "2304"]
[BlackElo "2572"]
[Result "1/2-1/2"]
[Round "02"]
[TimeControl "180+2"]
[Date "2023.01.03"]
[WhiteClock "0:00:05"]
[BlackClock "0:00:05"]

1. e4 e6 2. d4 d5 3. Nc3 dxe4 4. Nxe4 Nd7 5. Nf3 Ngf6 6. Nxf6+ Nxf6 7. Be3 b6 8. Bd3 Bd6 9. Qe2 Bb7 10. O-O-O Qe7 11. Rhe1 O-O-O 12. Ba6 Kb8 13. Bxb7 Kxb7 14. Kb1 c6 15. c4 Bc7 16. Rc1 Ne4 17. Red1 f5 18. g3 Rd7 19. Ne1 Rhd8 20. f3 Nf6 21. Nd3 e5 22. dxe5 Bxe5 23. Bg5 Bd4 24. Qxe7 Rxe7 25. Nf4 Rdd7 26. Bxf6 Bxf6 27. Rxd7+ Rxd7 28. Kc2 Re7 29. Rd1 Kc7 30. Nd3 Re2+ 31. Rd2 Re3 32. f4 Bd4 33. b3 c5 34. Rd1 Rf3 35. Re1 Be3 36. Re2 Bd4 37. Re7+ Kd6 38. Re2 h6 39. a3 g5 40. fxg5 hxg5 41. b4 cxb4 42. axb4 g4 43. Rd2 Kc6 44. Re2 a5 45. bxa5 bxa5 46. Re6+ Kc7 47. Ra6 Bg1 48. Rxa5 Bxh2 49. Ra7+ Kb8 50. Rf7 Bxg3 51. c5 Bc7 52. Nb4 Kc8 53. Nd5 Be5 54. c6 Kb8 55. Rf8+ Ka7 56. c7 Bxc7 57. Nxc7 g3 58. Rg8 f4 59. Nb5+ Kb6 60. Nd4 Rf2+ 61. Kd3 g2 62. Ke4 Kb7 63. Nf3 Kc7 64. Kxf4 Kb6 65. Ke3 Ra2 66. Ng1 Kc7 67. Kf3 Kd7 68. Ne2 Ra3+ 69. Kf2 Ra6 70. Rxg2 Rd6 71. Nf4 Rf6 72. Ke3 Ra6 73. Rg5 Ke8 74. Rg7 Kf8 75. Rb7 Ke8 76. Ke4 Kf8 77. Nd5 Ra1 78. Ke5 Re1+ 79. Kf5 Rf1+ 80. Ke6 Re1+ 81. Kf5 Rf1+ 82. Nf4 Ke8 83. Ke5 Kf8 84. Ng6+ Ke8 85. Ke6 Re1+ 86. Ne5 Kd8 87. Kd6 Rd1+ 88. Ke6 Re1 89. Rd7+ Kc8 90. Rd5 Kc7 1/2-1/2


[Site "https://www.chess.com"]

[Event "Titled Tuesday Blitz January 03 Late 2023"]
[White "Rosen, Eric"]
[Black "Grigoriants, Sergey"]
[WhiteFideId "2032562"]
[BlackFideId "4130804"]
[WhiteElo "2349"]
[BlackElo "2562"]
[Result "0-1"]
[Round "02"]
[TimeControl "180+2"]
[Date "2023.01.03"]
[WhiteClock "0:00:02"]
[BlackClock "0:00:21"]

1. d4 Nf6 2. Bf4 c5 3. e3 Nd5 4. Bg3 Qb6 5. b3 cxd4 6. exd4 Nf6 7. Nf3 d5 8. c3 Nc6 9. Nbd2 Bf5 10. Nh4 Bg4 11. Be2 Bxe2 12. Qxe2 e6 13. O-O Be7 14. Nhf3 O-O 15. Qd3 Rfc8 16. Rfe1 a5 17. a4 Qa6 18. Qe3 b5 19. axb5 Qxb5 20. Reb1 h6 21. h3 Ne8 22. Ne1 Nd6 23. Bxd6 Bxd6 24. Nd3 Ne7 25. c4 Qb7 26. g4 Ng6 27. c5 Be7 28. Nf3 Bf6 29. b4 axb4 30. Rxa8 Rxa8 31. Rxb4 Qc7 32. Rb1 Ra3 33. Rd1 Qb8 34. Nfe5 Bxe5 35. dxe5 Qb3 36. Rd2 Ra1+ 37. Kh2 Qb1 38. f4 Qh1+ 39. Kg3 Rg1+ 40. Qxg1 Qxg1+ 41. Kf3 Qd4 42. Ke2 Nxf4+ 43. Nxf4 Qxf4 44. Kd1 Qf1+ 45. Kc2 Qc4+ 46. Kb2 Qxc5 47. Rh2 Qd4+ 48. Kb3 Qxe5 49. Rc2 d4 50. h4 Qd5+ 51. Kb2 d3 52. Rd2 e5 53. g5 hxg5 54. hxg5 e4 55. g6 fxg6 56. Kb1 e3 57. Rb2 d2 0-1


[Site "https://www.chess.com"]

[Event "Titled Tuesday Blitz January 03 Late 2023"]
[White "Terry, Renato"]
[Black "Suvorov, Alexander"]
[WhiteFideId "3803457"]
[BlackFideId "12977063"]
[WhiteElo "2520"]
[BlackElo "2338"]
[Result "1/2-1/2"]
[Round "02"]
[TimeControl "180+2"]
[Date "2023.01.03"]
[WhiteClock "0:00:04"]
[BlackClock "0:00:05"]

1. d4 Nf6 2. Nf3 e6 3. c4 Bb4+ 4. Bd2 Qe7 5. g3 b6 6. Bg2 Bb7 7. O-O O-O 8. Bg5 d5 9. Ne5 Nbd7 10. Nxd7 Qxd7 11. Bxf6 gxf6 12. a3 Be7 13. Nc3 c6 14. cxd5 cxd5 15. e3 f5 16. Re1 Rac8 17. Ne2 Qb5 18. b4 a5 19. bxa5 Qxa5 20. Nf4 Rc3 21. a4 Bc6 22. Qh5 Bxa4 23. Qh6 Kh8 24. Bf3 b5 25. Bh5 Qd8 26. Ng6+ Kg8 27. Nxf8 Bxf8 28. Qf4 Qd6 29. Qg5+ Bg7 30. Bd1 h6 31. Qh5 Ra3 32. Bxa4 bxa4 33. Rac1 Qd7 34. Qe2 Rb3 35. Qa6 Rb7 36. Rc2 Ra7 37. Qe2 Bf8 38. Rec1 a3 39. Kg2 Kg7 40. h3 Qe7 41. Qb5 Qf6 42. Qb8 Qe7 43. Rc8 Rb7 44. Qe5+ f6 45. Qf4 Kg6 46. Ra8 Qd6 47. Qf3 Rc7 48. Rxc7 Qxc7 49. Rxf8 a2 50. Ra8 Qc2 51. g4 Qb1 52. gxf5+ exf5 53. Qxd5 a1=Q 54. Rg8+ Kh5 55. Qf3+ Kh4 56. Rg4+ Kh5 57. Rg8+ Kh4 58. Qf4+ Kh5 59. Qf3+ 1/2-1/2


[Site "https://www.chess.com"]

[Event "Titled Tuesday Blitz January 03 Late 2023"]
[White "Yaran, Siar"]
[Black "Kamsky, Gata"]
[WhiteFideId "6323006"]
[BlackFideId "2000024"]
[WhiteElo "2288"]
[BlackElo "2665"]
[Result "0-1"]
[Round "02"]
[TimeControl "180+2"]
[Date "2023.01.03"]
[WhiteClock "0:00:05"]
[BlackClock "0:00:07"]

1. d4 Nf6 2. c4 g6 3. Nc3 Bg7 4. e4 d6 5. Nf3 O-O 6. Be2 e5 7. O-O c6 8. Re1 Nbd7 9. Bf1 a6 10. b3 Re8 11. Bb2 b5 12. Qc2 Bb7 13. Rad1 Qc7 14. c5 dxc5 15. dxe5 Ng4 16. h3 Ngxe5 17. Nxe5 Bxe5 18. g3 Rad8 19. f4 Bd4+ 20. Kh2 Bc8 21. Bg2 f6 22. e5 fxe5 23. f5 gxf5 24. Qxf5 Nf8 25. Qf3 Qg7 26. Bc1 Rd6 27. Ne4 Rg6 28. g4 Ne6 29. Nd6 Rf8 30. Qxc6 Bd7 31. Qd5 Kh8 32. Be4 Rf2+ 33. Kg3 Nf4 34. Qa8+ Qg8 35. Qxg8+ Kxg8 36. Bxg6 Rg2+ 37. Kf3 hxg6 38. Bxf4 Bc6+ 39. Ne4 Rf2+ 40. Kg3 Rxf4 41. Kh4 Bxe4 42. Kg5 Bf3 43. Rc1 Kg7 44. h4 Rxg4# 0-1


[Site "https://www.chess.com"]

[Event "Titled Tuesday Blitz January 03 Late 2023"]
[White "Karttunen, Mika"]
[Black "Makarian, Rudik"]
[WhiteFideId "502081"]
[BlackFideId "44105681"]
[WhiteElo "2490"]
[BlackElo "2545"]
[Result "0-1"]
[Round "02"]
[TimeControl "180+2"]
[Date "2023.01.03"]
[WhiteClock "0:01:00"]
[BlackClock "0:01:00"]

1. e4 e5 2. Nf3 Nc6 3. Bc4 Bc5 4. c3 Nf6 5. d3 h6 6. Nbd2 d6 7. b4 Bb6 8. a4 a5 9. b5 Ne7 10. Bb3 O-O 11. Nc4 Bc5 12. Be3 Bxe3 13. Nxe3 Be6 14. Bxe6 fxe6 15. c4 Nd7 16. Nd2 Nc5 17. Nb3 Kh7 18. g3 Nxb3 19. Qxb3 Ng8 20. Qd1 Nf6 21. h4 Qe7 22. h5 Nd7 23. Rh4 Nc5 24. Kf1 Rf6 25. Ng4 Rf7 26. Kg2 Raf8 27. Ra2 Rf3 28. Ne3 Qg5 29. d4 exd4 30. Qxd4 e5 31. Qd1 Rxg3+ 32. fxg3 Qxe3 33. Qe2 Qg5 34. Qd2 Qf6 35. Qe2 Nb3 36. Ra3 Nd4 0-1


[Site "https://www.chess.com"]

[Event "Titled Tuesday Blitz January 03 Late 2023"]
[White "Tang, Andrew"]
[Black "Denishev, Marat"]
[WhiteFideId "2059630"]
[BlackFideId "24131563"]
[WhiteElo "2523"]
[BlackElo "2255"]
[Result "1-0"]
[Round "02"]
[TimeControl "180+2"]
[Date "2023.01.03"]
[WhiteClock "0:00:28"]
[BlackClock "0:00:17"]

1. d4 Nf6 2. c4 c5 3. d5 b5 4. cxb5 a6 5. e3 axb5 6. Bxb5 Bb7 7. Nc3 g6 8. Nf3 Bg7 9. O-O O-O 10. e4 d6 11. a4 Na6 12. Bg5 h6 13. Be3 Ng4 14. Bf4 Nb4 15. Qd2 Kh7 16. Rad1 Ba6 17. h3 Nf6 18. e5 dxe5 19. Nxe5 Bxb5 20. axb5 Qb6 21. Nc6 Rfe8 22. Be3 Nd7 23. Nxb4 cxb4 24. Bxb6 bxc3 25. bxc3 Nxb6 26. d6 Nc4 27. Qd5 Nxd6 28. c4 Rac8 29. Rc1 Red8 30. b6 e6 31. Qf3 Nf5 32. b7 Rc7 33. c5 Nd4 34. Qe4 f5 35. Qb1 Ne2+ 36. Kh1 Nxc1 37. Rxc1 Bd4 38. b8=Q 1-0


[Site "https://www.chess.com"]

[Event "Titled Tuesday Blitz January 03 Late 2023"]
[White "Fiorito, Francisco"]
[Black "Zierk, Steven"]
[WhiteFideId "180165"]
[BlackFideId "2034255"]
[WhiteElo "2305"]
[BlackElo "2488"]
[Result "1/2-1/2"]
[Round "02"]
[TimeControl "180+2"]
[Date "2023.01.03"]
[WhiteClock "0:00:10"]
[BlackClock "0:00:16"]

1. e4 e6 2. d4 d5 3. Nd2 c5 4. Ngf3 cxd4 5. Nxd4 Nc6 6. Nxc6 bxc6 7. Bd3 Bd6 8. O-O Qc7 9. Nf3 Ne7 10. c4 dxe4 11. Bxe4 f5 12. Bc2 c5 13. Re1 O-O 14. Qe2 Nc6 15. Bg5 e5 16. Rad1 e4 17. Bxe4 fxe4 18. Qxe4 Kh8 19. Qd5 Bf4 20. Bxf4 Qxf4 21. Qxc6 Bg4 22. Rd3 Qxc4 23. Rde3 Qxa2 24. Ne5 Bh5 25. Nd3 Bg6 26. Ne5 Bh5 27. Nd3 Rac8 28. Qb7 c4 29. Ne5 Rb8 30. Qe7 Qxb2 31. f3 c3 32. Nd7 Qb7 33. Nxb8 Qxe7 34. Rxe7 Rxb8 35. Rxa7 Bg6 36. Rc7 c2 37. Kf2 h6 38. Rc1 Rb2 39. Ke3 Kh7 40. Kd2 h5 41. g3 Rb3 42. f4 h4 43. gxh4 Rh3 44. R1xc2 Rxh2+ 45. Kc1 Bxc2 46. Rxc2 Rxh4 47. Rf2 Kg6 48. Kd2 Kf5 49. Ke3 Rh3+ 50. Rf3 Rh1 51. Rg3 Re1+ 52. Kf2 Re7 53. Kf3 Ra7 54. Rg5+ Kf6 55. Kg4 Ra1 56. Rf5+ Ke6 57. Re5+ Kf6 58. Rf5+ Ke6 59. Re5+ Kf6 60. Rf5+ 1/2-1/2


[Site "https://www.chess.com"]

[Event "Titled Tuesday Blitz January 03 Late 2023"]
[White "Martinez Ramirez, Lennis"]
[Black "Baskakov, Egor"]
[WhiteFideId "3509079"]
[BlackFideId "24197866"]
[WhiteElo "2426"]
[BlackElo "2215"]
[Result "1/2-1/2"]
[Round "02"]
[TimeControl "180+2"]
[Date "2023.01.03"]
[WhiteClock "0:00:44"]
[BlackClock "0:00:44"]

1. c4 Nf6 2. d4 e6 3. Nf3 d5 4. g3 Be7 5. Bg2 O-O 6. O-O Ne4 7. Qc2 c6 8. b3 f5 9. Ba3 Bd7 10. Bxe7 Qxe7 11. Ne5 Be8 12. Nd2 Nd7 13. Nd3 Nxd2 14. Qxd2 g5 15. Qe3 Qf6 16. f4 h6 17. a4 Bf7 18. a5 a6 19. Ra4 gxf4 20. gxf4 Kh7 21. Rb4 Rab8 22. Rf3 Qd8 23. Ra4 Qf6 24. c5 Rbc8 25. Rb4 Rc7 26. Rg3 Rg8 27. Ne5 Nxe5 28. Qxe5 Qxe5 29. dxe5 Be8 30. Bf3 Rcg7 31. Kf2 Rc7 32. e3 Rgg7 33. Ra4 Rce7 34. Ra1 Kh8 35. Rag1 Kh7 36. Ke2 Kh8 37. Kd3 Kh7 38. Kd4 Kh8 39. Be2 Kh7 40. b4 Kh8 41. Kd3 Kh7 42. Kd2 Kh8 43. Ke1 Kh7 44. Kf2 Kh8 45. Rxg7 Rxg7 46. Rxg7 Kxg7 47. Kg3 Kh7 48. Kh4 Kg7 49. Bd1 Kh8 50. Be2 Kg7 51. Bh5 Bxh5 52. Kxh5 Kh7 53. Kh4 Kg6 54. Kg3 Kh7 55. Kh3 Kg6 56. Kh4 Kh7 57. Kg3 Kg6 58. Kh4 Kh7 59. Kh5 Kg7 60. Kh4 Kg6 61. Kg3 Kg7 62. Kh4 Kg6 1/2-1/2


[Site "https://www.chess.com"]